[Event "Late-Titled-Tuesday-Blitz-June-18-2024"]
[Site "Chess.com"]
[Date "2024.06.18"]
[Round "5"]
[White "CombativeWombat"]
[Black "AlphaPerseii"]
[Result "1-0"]
[WhiteElo "2308"]
[BlackElo "2410"]
[TimeControl "180+1"]
[EndTime "14:58:20 PDT"]
[Termination "CombativeWombat won by resignation"]

1. e4 e5 2. Bc4 Nc6 3. Nc3 Bc5 4. Qg4 g6 5. Qf3 Nf6 6. Nge2 d6 7. d3 Bg4 8. Qg3 Qd7 9. Bg5 Nh5 10. Qh4 h6 11.
f3 Be6 12. Bd2 Ng7 13. Nd5 Bxd5 14. Bxd5 Ne7 15. Qf6 Nxd5 16. Qxg7 Ke7 17. Bxh6 Rag8 18. Bg5+ Ke8 19. Qxg8+ Rxg8 20. exd5 c6 21. dxc6 bxc6 22. O-O-O Qe6 23. Kb1 f6 24. Bd2 Kf7 25. Bc3 d5 26. d4 Bd6 27. Rhe1 c5 28. dxe5 Bxe5 29. Nf4 Qc6 30. Nxd5 Rd8 31. Bxe5 Rxd5 32. Bc3 Rxd1+ 33. Rxd1 g5 34. h3 Qc7 35. b3 Kg6 36. Rd2 Kf5 37.
Kb2 Qc6 38. Re2 Kf4 39. Re4+ Kf5 40. Rc4 Qd5 41. Ra4 Qd7 42. Ra5 Kf4 43. Rxc5 Kg3 44.
Bxf6 Kxg2 45. Rxg5+ Kxf3 46. Rc5 Ke4 47. h4 Qe6 48. Bc3 Qd6 49. Re5+ Qxe5 50. Bxe5 1-0

[Event "Late-Titled-Tuesday-Blitz-June-18-2024"]
[Site "Chess.com"]
[Date "2024.06.18"]
[Round "5"]
[White "SilverCityIndigo"]
[Black "Roland_Garros_2024"]
[Result "1-0"]
[WhiteElo "2405"]
[BlackElo "2211"]
[TimeControl "180+1"]
[EndTime "14:58:20 PDT"]
[Termination "SilverCityIndigo won on time"]

1. d4 Nf6 2. Nf3 e6 3. c4 c5 4. d5 d6 5. Nc3 exd5 6. cxd5 g6 7. Bf4 Bg7 8. e3 O-O 9. h3 Na6 10. Be2 Nc7 11. a4 a6 12. Qb3 Rb8 13. Nd2 Re8 14. O-O Qe7 15. Nc4 Rd8 16. a5 Ncxd5 17. Nxd5 Nxd5 18.
Bxd6 Rxd6 19. Nxd6 Be6 20. Nc4 Qg5 21. Kh2 b5 22.
axb6 Nxb6 23. Rxa6 Bd5 24. e4 Be5+ 25. Kg1 Bxe4 26.
f3 Qg3 27. Nxe5 Qxe5 28. Rxb6 Qd4+ 29. Kh1 Rxb6 30. Qxb6 Bf5 31. Qb8+ Kg7 32. Qg3 Qd2 33. Qf2 Qxb2 34. Qxc5 Qxe2 35. Qd4+ Kg8 36. Qf2 Qe5 37. g4 Be6 38. Kg2 Kg7 39. Re1 Qc3 40. Re3 Qd4 41. f4 Bd5+ 42. Kg3 Qc4 43. f5 gxf5 44. Qxf5 Be6 45.
Qg5+ Kf8 46. Qd8+ Kg7 47. Qg5+ Kf8 48. Rf3 Qc7+ 49. Kh4 Qc2 50. Qf6 1-0

[Event "Late-Titled-Tuesday-Blitz-June-18-2024"]
[Site "Chess.com"]
[Date "2024.06.18"]
[Round "5"]
[White "NMJeevanK"]
[Black "Oleg_Papayan"]
[Result "1-0"]
[WhiteElo "2712"]
[BlackElo "2536"]
[TimeControl "180+1"]
[EndTime "14:58:22 PDT"]
[Termination "NMJeevanK won on time"]

1. Nf3 Nf6 2. b3 c5 3. Bb2 Nc6 4. c4 d5 5. e3 d4 6. exd4 cxd4 7. Bd3 e5 8. O-O Bd6 9. Re1 O-O 10. Ng5 h6 11.
Ne4 Nxe4 12. Bxe4 f5 13. Bd5+ Kh8 14. d3 Qh4 15. g3 Qg5 16. Bc1 Qg6 17. Nd2 Nb4 18. Nf3 Nxd5 19. cxd5 Qf6 20. Nh4 g5 21. Ng2 f4 22. Qh5 fxg3 23. hxg3 Qxf2+ 24. Kh2 Qf6 25. Bd2 Kg7 26. Rf1 Qg6 27. Qe2 Bf5 28. Rf3 e4 29.
dxe4 Bxe4 30. Rxf8 Rxf8 31. Re1 Bxd5 32. Kg1 Bxg3 33.
Rc1 Rf2 34. Qe7+ Rf7 35. Qe2 Bd6 36. Rf1 d3 37. Bc3+ Kh7 38. Rxf7+ Qxf7 39. Qxd3+ Kg8 40. Qd4 Kf8 41. Qh8+ Ke7 42. Qd4 b6 43. Qe3+ Kd7 44.
Qd3 Bc5+ 45. Bd4 Kc6 46. Bxc5 Kxc5 47. Ne3 Qf3 48. Qc3+ Kd6 49. Nc4+ Bxc4 50. Qxf3 1-0

[Event "Late-Titled-Tuesday-Blitz-June-18-2024"]
[Site "Chess.com"]
[Date "2024.06.18"]
[Round "5"]
[White "sansanathalia"]
[Black "Malev212"]
[Result "1-0"]
[WhiteElo "2461"]
[BlackElo "2615"]
[TimeControl "180+1"]
[EndTime "14:58:22 PDT"]
[Termination "sansanathalia won by resignation"]

1. e4 c6 2. d4 d6 3. Nc3 Nd7 4. Nf3 h6 5. Bd3 g5 6. h3 Bg7 7. O-O e5 8. dxe5 dxe5 9. Be3 Ne7 10. b4 Ng6 11. Bc4 Qe7 12. a3 Nf4 13. Ne2 Nb6 14. Bb3 g4 15. hxg4 Bxg4 16. Nxf4 exf4 17. Bc5 Qf6 18. Bd4 Qxd4 19. Qxd4 Bxd4 20. Nxd4 Rg8 21. f3 Bh3 22. Rf2 Rd8 23. Ne2 Be6 24. Bxe6 fxe6 25. Nxf4 Ke7 26. Nd3 Nc4 27. a4 e5 28. Re1 Ke6 29.
f4 exf4 30. Nxf4+ Ke5 31. Nd3+ Ke6 32. Nc5+ Ke5 33. Nxb7 Rd2 34. Rf5+ Kd4 35. Rf2 Rxf2 36. Kxf2 Rb8 37. Na5 Nxa5 38. bxa5 Rb4 39. e5 Rb7 40. e6 Re7 41. Kf3 Kd5 42. Kf4 Rxe6 43. Rxe6 Kxe6 44. Kg4 Kf6 45. Kh5 Kg7 46. c4 c5 47. g4 a6 48. g5 hxg5 49. Kxg5 Kf7 50. Kf5 Ke7 51. Ke5 Kd7 52. Kd5 Kc8 53. Kxc5 Kc7 54. Kd5 Kd7 55. c5 Kc7 56. c6 Kc8 57. Kc4 Kb8 58. Kd4 Kc8 59.
Kd5 Kd8 60. Kd6 Kc8 61. c7 1-0

[Event "Late-Titled-Tuesday-Blitz-June-18-2024"]
[Site "Chess.com"]
[Date "2024.06.18"]
[Round "5"]
[White "Gangster-accountant01"]
[Black "ChEsper99"]
[Result "1/2-1/2"]
[WhiteElo "2559"]
[BlackElo "2263"]
[TimeControl "180+1"]
[EndTime "14:58:22 PDT"]
[Termination "Game drawn by repetition"]

1. c4 c5 2. Nc3 Nf6 3. g3 g6 4.
Bg2 Bg7 5. e4 d6 6. Nge2 Nc6 7.
O-O O-O 8. d3 e6 9. h3 Rb8 10.
Be3 e5 11. f4 Nd4 12. fxe5 dxe5 13. Nd5 Nxd5 14. cxd5 f5 15. Rc1 b6 16. Nxd4 exd4 17.
Bf4 Rb7 18. e5 g5 19. d6 gxf4 20. Bxb7 Bxb7 21. gxf4 Qh4 22. Rf3 Re8 23. Qe2 Re6 24.
Kh2 Bh6 25. Rg1+ Kf8 26. Rgf1 Ke8 27. Qf2 Qh5 28. Rg3 Rg6 29. Rxg6 hxg6 30. e6 Bc6 31. Re1 Bg7 32. Qg3 Bf6 33. d7+ Ke7 34. Qg1 g5 35.
fxg5 Bxg5 36. Qg3 f4 37. Qf2 Qh6 38. Qe2 Bh4 39. Rf1 Bg3+ 40. Kg1 Qxh3 41. Rf3 Bxf3 42. Qxf3 Qh2+ 43. Kf1 Qh3+ 44. Ke2 Qh2+ 45. Kd1 Qg1+ 46. Kc2 Qe1 47. Qa8 Qe2+ 48. Kc1 Qe1+ 49. Kc2 Qe2+ 50. Kc1 Qe3+ 51. Kc2 Qe2+ 1/2-1/2

[Event "Late-Titled-Tuesday-Blitz-June-18-2024"]
[Site "Chess.com"]
[Date "2024.06.18"]
[Round "5"]
[White "rasmussvane"]
[Black "FairChess_on_YouTube"]
[Result "0-1"]
[WhiteElo "2978"]
[BlackElo "3101"]
[TimeControl "180+1"]
[EndTime "14:58:23 PDT"]
[Termination "FairChess_on_YouTube won on time"]

1. Nf3 b5 2. e4 Bb7 3. Bxb5 Bxe4 4. O-O c6 5. Be2 Nf6 6. d4 e6 7. c4 Bxb1 8. Rxb1 Be7 9. Bf4 O-O 10. Qc2 a5 11. Rfd1 Na6 12. a3 Qb6 13. Qa4 Rfc8 14. c5 Qb7 15. Bc4 Nc7 16. Rd3 Ncd5 17. Bg3 Ne4 18.
Rb3 Qa7 19. Re1 Nxg3 20. hxg3 Nf6 21. Rd3 Rcb8 22. b3 Qb7 23. Ne5 Bd8 24. g4 h6 25.
f4 Bc7 26. g5 hxg5 27. fxg5 Nd5 28. Bxd5 exd5 29. Nxd7 Re8 30. Ne5 Re6 31. Rde3 Rb8 32. Nf3 Rxe3 33. Rxe3 Bf4 34. Re1 Bg3 35. Rf1 Qxb3 36. Qxc6 Qe3+ 37. Kh1 Qd3 38. Kg1 Qe3+ 39. Kh1 Qe4 40. g6 fxg6 41. Qd7 Rf8 42. c6 Rf5 43. Qd8+ Kh7 44. Ng5+ Kh6 45. Nf7+ Rxf7 0-1

[Event "Late-Titled-Tuesday-Blitz-June-18-2024"]
[Site "Chess.com"]
[Date "2024.06.18"]
[Round "5"]
[White "carokannlover213"]
[Black "King_Deded4d5"]
[Result "0-1"]
[WhiteElo "2662"]
[BlackElo "2493"]
[TimeControl "180+1"]
[EndTime "14:58:25 PDT"]
[Termination "King_Deded4d5 won by checkmate"]

1. Nc3 d5 2. d4 Nf6 3. Bf4 a6 4. e3 e6 5. g4 Bb4 6. a3 Bxc3+ 7. bxc3 c5 8. Bd3 c4 9. g5 cxd3 10.
gxf6 dxc2 11. Qxc2 Qxf6 12. Nf3 Nc6 13. Rg1 Bd7 14.
Ne5 Ne7 15. Rb1 b5 16. a4 Ng6 17. Bg3 Qf5 18. Qxf5 exf5 19. Nxd7 Kxd7 20. axb5 axb5 21. Rxb5 Ra1+ 22. Ke2 Rxg1 23. Rxd5+ Ke6 24. Rd6+ Ke7 25. Rc6 Rd8 26. h4 Rh1 27. Rc7+ Rd7 28. Rc5 Nxh4 29. c4 Ng6 30. Rxf5 h5 31. c5 h4 32. Bb8 Rb7 33. Bd6+ Ke6 34. e4 Rb2+ 35. Kf3 f6 36. Kg2 Re1 37.
d5+ Kd7 38. Bh2 Ne5 39. c6+ Kd6 40. Kh3 Rxe4 41. Rh5 Rc2 42. f4 Nf3 43. Rh7 Rxh2+ 44. Kg4 Re3 45. Kf5 Nd4+ 46. Kg6 Kxd5 47. c7 Rg3+ 48. Kf7 Rc2 49. f5 Rxc7+ 50. Kg8 Ra3 51.
Rxh4 g5 52. Rxd4+ Kxd4 53. Kf8 Ra8# 0-1

[Event "Late-Titled-Tuesday-Blitz-June-18-2024"]
[Site "Chess.com"]
[Date "2024.06.18"]
[Round "5"]
[White "Supergiuly"]
[Black "edgarhay012"]
[Result "0-1"]
[WhiteElo "2353"]
[BlackElo "2717"]
[TimeControl "180+1"]
[EndTime "14:58:26 PDT"]
[Termination "edgarhay012 won on time"]

1. e4 c5 2. Nf3 e6 3. d4 cxd4 4. Nxd4 Nf6 5. Nc3 Nc6 6. Be3 d5 7. exd5 Nxd5 8. Nxd5 exd5 9. c3 Be7 10. Bb5 Bd7 11. O-O O-O 12. Qb3 a6 13. Bd3 Ne5 14.
Bc2 Bc6 15. Rad1 Bf6 16. Bb1 Qc7 17. h3 g6 18. Qc2 Rfe8 19. Rfe1 Rad8 20. a3 Nc4 21. Ba2 Bd7 22. Bxc4 dxc4 23. Rd2 Bc8 24. Red1 Rd5 25. Nf3 Rxd2 26. Rxd2 b5 27. Rd5 Be6 28. Rd1 Bf5 29. Qe2 Bd3 30. Qd2 Qb7 31. Ne1 Bf5 32. Nf3 Be4 33. Ne1 a5 34. Bd4 Be7 35. f3 Bc6 36.
Qh6 Bf8 37. Qf4 Qe7 38. Nc2 Qd6 39. Qg5 h6 40. Qc1 Qg3 41. Bf2 Qc7 42. Nd4 Bd7 43.
Be3 h5 44. Bf4 Qc5 45. Qd2 Bc8 46. Kh2 Bg7 47. Nc2 Bf5 48. Ne3 Bd3 49. Nf1 Re2 50.
Qc1 Rc2 0-1

[Event "Late-Titled-Tuesday-Blitz-June-18-2024"]
[Site "Chess.com"]
[Date "2024.06.18"]
[Round "5"]
[White "MKlose11"]
[Black "Dolphin_2010"]
[Result "0-1"]
[WhiteElo "2568"]
[BlackElo "2792"]
[TimeControl "180+1"]
[EndTime "14:58:29 PDT"]
[Termination "Dolphin_2010 won on time"]

1. e4 c6 2. Nc3 d5 3. g3 dxe4 4. Nxe4 Nf6 5. Bg2 Nxe4 6. Bxe4 Nd7 7. d4 Nf6 8. Bg2 Bg4 9. Nf3 e6 10. O-O Be7 11. c3 O-O 12. Re1 Qa5 13. h3 Bxf3 14. Qxf3 Rad8 15. Be3 Nd5 16. a3 Qa4 17. Qe2 Qb3 18.
Rad1 Nb6 19. Bf1 Na4 20. Rd2 b5 21. Bg2 Rc8 22. Be4 Nb6 23. Bc2 Qd5 24. Qd3 g6 25. Bh6 Rfd8 26. Rde2 Qh5 27. Bf4 Qxh3 28. f3 Nd5 29. Be5 Qf5 30. Qxf5 exf5 31. Bb3 f6 32. Bc7 Rxc7 33. Rxe7 Rdd7 34. Rxd7 Rxd7 35. Re6 Kg7 36. Rxc6 Ne7 37. Ra6 Kf8 38. Kf2 Ke8 39.
a4 b4 40. a5 Kd8 41. Rxf6 bxc3 42. bxc3 Rb7 43. Bc4 Rb2+ 44. Ke3 Rc2 45. Kd3 Rf2 46. Rf8+ Kc7 47. Rf7 Kd7 48. Bb5+ Ke6 49. Rxh7 Rxf3+ 50. Kc4 Rxg3 51. Kb4 Nd5+ 52. Kb3 Rxc3+ 53. Kb2 Rc7 54. Rh6 Kf6 0-1

[Event "Late-Titled-Tuesday-Blitz-June-18-2024"]
[Site "Chess.com"]
[Date "2024.06.18"]
[Round "5"]
[White "crazy_machine"]
[Black "temus_galaktionov"]
[Result "0-1"]
[WhiteElo "2633"]
[BlackElo "2871"]
[TimeControl "180+1"]
[EndTime "14:58:30 PDT"]
[Termination "temus_galaktionov won by resignation"]

1. c3 c6 2. Na3 d6 3. Nc2 g6 4. h4 Bg7 5. h5 e5 6. d4 e4 7.
hxg6 hxg6 8. Rxh8 Bxh8 9. Bf4 d5 10. e3 Be6 11. Nh3 Bf6 12. Be2 Nd7 13. Bg4 Qe7 14.
Bxe6 Qxe6 15. Qe2 O-O-O 16. O-O-O Nb6 17. Bg3 Ne7 18. Nf4 Qf5 19. Rh1 Rh8 20. Rxh8+ Bxh8 21.
Qf1 Bf6 22. Qh1 g5 23. Ne2 Qg6 24. Qh3+ Kd8 25. Bb8 a6 26. Qg3 Nbc8 27. Qc7+ Ke8 28. Ng3 Qh7 29. Qxb7 Qh2 30. Ne1 Qg1 31. Kd1 Qxf2 32.
Nh5 Bh8 33. Be5 f6 34. Bg3 Qxe3 35. Qb8 Kf7 36. Bd6 Nxd6 37. Qxd6 Qf2 38. Ng3 Qxb2 39. Qd7 Qb1+ 40. Ke2 Qxa2+ 41. Kd1 Qb1+ 42. Ke2 e3 43.
Nd3 Qc2+ 44. Kxe3 Qxg2 45. Ne2 Qe4+ 46. Kd2 Qe6 47. Qa7 Bg7 48. Nc5 Qf5 49. Qxa6 g4 50.
Qb7 Bh6+ 51. Ke1 Bf4 52. Qa6 Bd6 53. Nd3 g3 54. Ng1 g2 55. Nf2 Bg3 0-1

[Event "Late-Titled-Tuesday-Blitz-June-18-2024"]
[Site "Chess.com"]
[Date "2024.06.18"]
[Round "5"]
[White "GoltsevDmitry2000"]
[Black "ATM622"]
[Result "1/2-1/2"]
[WhiteElo "2711"]
[BlackElo "2547"]
[TimeControl "180+1"]
[EndTime "14:58:31 PDT"]
[Termination "Game drawn by stalemate"]

1. e4 c6 2. e5 d5 3. exd6 exd6 4. d4 d5 5. Nf3 Nf6 6. c4 Bb4+ 7. Nc3 O-O 8. Be2 h6 9. O-O Re8 10. Bf4 Bg4 11. h3 Bh5 12. a3 Bd6 13. Ne5 Bxe2 14. Nxe2 dxc4 15. Nxc4 Bxf4 16. Nxf4 Qc7 17. Nh5 Nbd7 18.
Rc1 Rad8 19. Ne3 Nxh5 20. Qxh5 Nf6 21. Qh4 Re4 22. Ng4 Nxg4 23. hxg4 Rdxd4 24. f3 Re2 25. Rf2 Rxf2 26. Qxf2 Qd8 27. Re1 Rd1 28. Rxd1 Qxd1+ 29. Kh2 Qd6+ 30. g3 b6 31. Qe3 Qd7 32. Qe5 c5 33. f4 Qxg4 34. Qe8+ Kh7 35. Qxf7 h5 36. Qe7 h4 37. Qe4+ Qg6 38. f5 Qxg3+ 39. Kh1 Kh6 40. Qe6+ Kg5 41. Qg6+ Kf4 42. Qd6+ Kxf5 43. Qd7+ Ke4 44.
Qe6+ Kd3 45. Qb3+ Kd2 46. Qd5+ Kc1 47. Qc4+ Kb1 48. Qf1+ Ka2 49. Qc4+ Kxb2 50. Qe2+ Kxa3 51. Qb2+ Ka4 52. Qb5+ Ka3 53. Qb2+ Ka4 54. Qb4+ cxb4 1/2-1/2

[Event "Late-Titled-Tuesday-Blitz-June-18-2024"]
[Site "Chess.com"]
[Date "2024.06.18"]
[Round "5"]
[White "tortorchess"]
[Black "dianamirza"]
[Result "1-0"]
[WhiteElo "2215"]
[BlackElo "1780"]
[TimeControl "180+1"]
[EndTime "14:58:31 PDT"]
[Termination "tortorchess won by resignation"]

1. d4 Nf6 2. c4 c5 3. d5 b5 4.
cxb5 a6 5. b6 Qxb6 6. Nc3 g6 7.
Nf3 Bg7 8. e4 d6 9. Bd3 O-O 10.
O-O Nbd7 11. Qe2 a5 12. h3 Ba6 13. Kh1 Bxd3 14. Qxd3 Rfc8 15. Rb1 c4 16. Qe2 Nc5 17.
Be3 Qb4 18. Bd4 a4 19. Nd2 Nd3 20. a3 Qa5 21. f4 Rab8 22. Kh2 Nxb2 23. Nxc4 Nxc4 24.
Rxb8 Rxb8 25. Qxc4 Nd7 26. Bxg7 Kxg7 27. Qd4+ f6 28.
Nxa4 Rb3 29. Rf3 Rxf3 30. gxf3 Nc5 31. Nxc5 dxc5 32. Qd3 Kf7 33. Qb3 Qa6 34. d6+ Ke8 35. dxe7 Kxe7 36. Qc3 Qe2+ 37. Kg3 Qb5 38. a4 Qb4 39.
Qc1 c4 40. a5 Qxa5 41. Qxc4 Qe1+ 42. Kg2 Qd2+ 43. Kf1 Qd1+ 44. Kf2 Qd2+ 45. Qe2 Qxf4 46. Qc2 Qh4+ 47. Kg2 Qg5+ 48. Kh1 Qg3 49. Qc5+ Qd6 50. Qa7+ Ke6 51. Qa2+ Ke5 52. Qe2 f5 53. Kg2 fxe4 54. Qxe4+ Kf6 55. Qh4+ g5 56. Qh6+ Ke5 57. Qxg5+ Ke6 58.
Qh6+ Kd5 59. Qxh7 Qf4 60. Qd3+ Ke6 61. Qe4+ Qxe4 62. fxe4 Ke5 63. Kf3 Ke6 64. h4 Kf7 65.
Kf4 Kf6 66. e5+ Ke6 67. h5 Kf7 68. Kf5 Kg7 69. Ke6 Kh6 70. Kd7 Kxh5 71. e6 1-0

[Event "Late-Titled-Tuesday-Blitz-June-18-2024"]
[Site "Chess.com"]
[Date "2024.06.18"]
[Round "5"]
[White "mishanick"]
[Black "Zhigalko_Sergei"]
[Result "1-0"]
[WhiteElo "3146"]
[BlackElo "2980"]
[TimeControl "180+1"]
[EndTime "14:58:32 PDT"]
[Termination "mishanick won by checkmate"]

1. c4 e5 2. Nc3 Nf6 3. Nf3 Nc6 4.
e3 Bb4 5. Qc2 O-O 6. Nd5 Be7 7.
a3 h6 8. h3 d6 9. Nc3 a5 10.
Bd3 Be6 11. g4 Nd7 12. Nd5 Nc5 13. Be2 a4 14. d3 f5 15. gxf5 Rxf5 16. e4 Rf7 17. Be3 Nb3 18. Rb1 Qd7 19. Rg1 Kh7 20. Nd2 Nbd4 21. Qd1 g6 22. Bg4 Bh4 23. Bxe6 Qxe6 24. Qg4 Qxg4 25. Rxg4 g5 26. Rc1 Raf8 27. Rg2 Nd8 28. Nc3 Nb3 29. Nxb3 axb3 30. Ke2 Ne6 31. Rf1 Rf3 32. Rh2 c6 33. Nb1 R3f7 34. Nd2 h5 35. Nxb3 Kg6 36. Nd2 Kh7 37. Rg2 Kh6 38. a4 Kh7 39. a5 Ra8 40. b4 Raf8 41. b5 cxb5 42. cxb5 Rc8 43. Nc4 Rd8 44. a6 bxa6 45. bxa6 d5 46.
exd5 Rxd5 47. Ra1 Rf8 48. a7 Ra8 49. Ra6 e4 50. Rxe6 exd3+ 51. Kd2 g4 52. hxg4 Bd8 53.
gxh5 Ba5+ 54. Nxa5 Rxa7 55. Rh6# 1-0

[Event "Late-Titled-Tuesday-Blitz-June-18-2024"]
[Site "Chess.com"]
[Date "2024.06.18"]
[Round "5"]
[White "chesselephant"]
[Black "nochewycandy"]
[Result "1-0"]
[WhiteElo "2585"]
[BlackElo "2795"]
[TimeControl "180+1"]
[EndTime "14:58:32 PDT"]
[Termination "chesselephant won by resignation"]

1. d4 g6 2. c4 Bg7 3. Nc3 d6 4. Nf3 Nf6 5. e4 O-O 6. Be2 Na6 7. O-O e5 8. Be3 Ng4 9. Bg5 f6 10. Bc1 c6 11. dxe5 dxe5 12. Qb3 Kh8 13. Rd1 Qe7 14. h3 Nh6 15. Be3 Re8 16. Rac1 Nc5 17. Qa3 Ne6 18.
Qxe7 Rxe7 19. b4 Nf7 20. c5 f5 21. Bc4 Bf6 22. Rc2 Kg7 23. a4 f4 24. Bc1 b6 25. cxb6 axb6 26. Bb3 g5 27. b5 cxb5 28.
axb5 Nc5 29. Bd5 Ra5 30. Bc6 Be6 31. Nd5 Rea7 32. Rcd2 Nxe4 33. Nxf6 Nxf6 34. Bb2 Ra2 35. Bxe5 Rxd2 36. Rxd2 Nxe5 37. Nxe5 Ra1+ 38. Kh2 Re1 39. Nf3 g4 40. Nd4 h5 41. Re2 Rxe2 42. Nxe2 f3 43. gxf3 gxh3 44. Nf4 Bc4 45. Nxh3 Kg6 46. Nf4+ Kf5 47.
Ng2 Ng8 48. Ne3+ Kf4 49. Nxc4 Ne7 50. Nxb6 Ng6 51. Nd5+ Ke5 52. Ne3 Kd6 53. Kg3 h4+ 54. Kg4 Kc7 55. f4 h3 56. f5 Ne5+ 57. Kxh3 Nd3 58.
Kg4 Nxf2+ 59. Kf4 Nd3+ 60. Ke4 Nf2+ 61. Ke5 Nd3+ 62. Ke6 Nf4+ 63. Ke7 Nh5 64. Nd5+ Kc8 65. f6 1-0

[Event "Late-Titled-Tuesday-Blitz-June-18-2024"]
[Site "Chess.com"]
[Date "2024.06.18"]
[Round "5"]
[White "Tunahan_Makaraci"]
[Black "AlexeiShirov"]
[Result "0-1"]
[WhiteElo "2624"]
[BlackElo "2858"]
[TimeControl "180+1"]
[EndTime "14:58:36 PDT"]
[Termination "AlexeiShirov won on time"]

1. e4 e5 2. Nc3 Nf6 3. f4 d5 4.
fxe5 Nxe4 5. Qf3 Nxc3 6. dxc3 Qh4+ 7. g3 Qe4+ 8. Qxe4 dxe4 9. Be3 Nc6 10. Bb5 Bd7 11. Bxc6 Bxc6 12. Ne2 O-O-O 13. Nd4 Be8 14. O-O-O Rd5 15. e6 f6 16. c4 Ra5 17. a3 Bc5 18. Rhe1 Ra6 19. Nf5 Bxe3+ 20. Rxe3 Rxe6 21. Nxg7 Re5 22.
Nxe8 Rhxe8 23. Rf1 R8e6 24. Rf4 Kd7 25. Kd2 h5 26. Kc3 c5 27. h3 Ke7 28. g4 h4 29.
b4 b6 30. b5 Kf7 31. Re1 e3 32. Re2 Kg6 33. Kd3 Rd6+ 34. Kc3 Kg5 35. Rf3 Rde6 36. Kd3 Rd6+ 37. Kc3 Rd1 38. Rexe3 Rxe3+ 39. Rxe3 Rg1 40. Kd3 Rg3 41. Ke4 Rg2 42. Kd5 Rxc2 43. Re4 Rc3 44. a4 Rxh3 45. a5 bxa5 46. Kxc5 Rb3 47. Re7 h3 48.
Rxa7 h2 49. Rh7 Rb2 50. Kb6 a4 51. c5 a3 52. c6 a2 53. c7 a1=Q 54. c8=Q Qg1+ 55.
Qc5+ Kf4 56. Qxg1 hxg1=Q+ 0-1

[Event "Late-Titled-Tuesday-Blitz-June-18-2024"]
[Site "Chess.com"]
[Date "2024.06.18"]
[Round "5"]
[White "NigelDwarf"]
[Black "scandalgod"]
[Result "0-1"]
[WhiteElo "2438"]
[BlackElo "2624"]
[TimeControl "180+1"]
[EndTime "14:58:37 PDT"]
[Termination "scandalgod won by resignation"]

1. g3 d5 2. Bg2 Nf6 3. Nf3 Bf5 4. c4 c6 5. cxd5 cxd5 6. Nc3 e6 7. d3 Nc6 8. O-O Be7 9. Nh4 Bg4 10. h3 Bh5 11. g4 Nd7 12. Nf5 exf5 13. gxh5 Nf6 14.
Qb3 O-O 15. Nxd5 Nxd5 16. Qxd5 Nd4 17. e3 Qxd5 18. Bxd5 Rad8 19. Bxb7 Nc2 20. Rb1 Rxd3 21. Ba6 Rd6 22. Be2 Rb8 23. b3 g6 24. Ra1 Nxa1 25. Ba3 Re6 26. Bxe7 Rxe7 27. Rxa1 f4 28. h6 fxe3 29.
fxe3 Rxe3 30. Bf1 Rbe8 31. Rc1 Rg3+ 32. Kf2 Rg5 33. Rc7 Rf5+ 34. Kg2 a5 35. Bc4 Kf8 36. Ra7 Rd8 37. Kg3 Rd2 38. Ra8+ Ke7 39. Rh8 Rxa2 40. Rxh7 Raf2 41. Rg7 R2f3+ 42. Kg2 R3f4 43. Kg3 Rf3+ 44.
Kg2 Kf8 45. Rh7 R3f4 46. Rh8+ Ke7 47. Ra8 Rh4 48. Ra7+ Kd6 49. Ra6+ Kc7 50. Ra7+ Kb6 51. Rxf7 Rxf7 52. Bxf7 Rxh6 53. Kg3 Kc5 54. Kg4 Kd6 55. h4 Ke7 56. Bc4 Kf6 57. Bd3 Rh8 58. Bc4 Rb8 59.
Kf4 Rb4 60. Kg4 a4 0-1

[Event "Late-Titled-Tuesday-Blitz-June-18-2024"]
[Site "Chess.com"]
[Date "2024.06.18"]
[Round "5"]
[White "Polish_fighter3000"]
[Black "artin10862"]
[Result "1-0"]
[WhiteElo "3095"]
[BlackElo "2936"]
[TimeControl "180+1"]
[EndTime "14:58:38 PDT"]
[Termination "Polish_fighter3000 won on time"]

1. d4 e6 2. e4 d5 3. Nc3 dxe4 4.
Nxe4 Nd7 5. Nf3 Ngf6 6. Nxf6+ Nxf6 7. c3 c5 8. Bb5+ Bd7 9. Bxd7+ Qxd7 10. Ne5 Qb5 11. a4 Qa6 12. Be3 Bd6 13. Qe2 Qxe2+ 14. Kxe2 Nd5 15. Nc4 Be7 16. Rhd1 Rd8 17. Na5 b6 18.
Nc6 Rd7 19. a5 O-O 20. dxc5 Bxc5 21. c4 Nf6 22. Rxd7 Nxd7 23. Nxa7 Ra8 24. Nc6 bxa5 25. Rxa5 Rxa5 26. Nxa5 Bd6 27. g3 Kf8 28. Nc6 f5 29. b4 e5 30. c5 Bc7 31. Kd3 Kf7 32. b5 Ke6 33. Kc4 f4 34. gxf4 exf4 35. Bd4 g5 36. b6 Bb8 37. Nd8+ Ke7 38. Nb7 f3 39. c6 Nxb6+ 40.
Bxb6 Bxh2 41. Kd5 g4 42. Bc5+ Ke8 43. Bd6 Bg1 44. c7 Kd7 45. Nc5+ Kc8 46. Ne4 h5 47. Kc6 Bxf2 48. Nxf2 h4 49. Ne4 f2 50. Bg3 1-0

[Event "Late-Titled-Tuesday-Blitz-June-18-2024"]
[Site "Chess.com"]
[Date "2024.06.18"]
[Round "5"]
[White "Roachelley"]
[Black "Aswathchess"]
[Result "0-1"]
[WhiteElo "2552"]
[BlackElo "2784"]
[TimeControl "180+1"]
[EndTime "14:58:42 PDT"]
[Termination "Aswathchess won by resignation"]

1. Nf3 Nf6 2. e3 c5 3. b3 Nc6 4.
Bb2 e6 5. Be2 b6 6. O-O Bb7 7.
d4 Be7 8. c4 d5 9. Nbd2 O-O 10.
cxd5 exd5 11. Rc1 Rc8 12. Ne5 Bd6 13. Bd3 Re8 14. Nxc6 Bxc6 15. Qf3 Ne4 16. Bxe4 dxe4 17. Qe2 Qg5 18. Nc4 Bb8 19. dxc5 bxc5 20. Rfd1 Re6 21. Na5 Bxh2+ 22. Kf1 Be8 23. g3 Rh6 24. Nc4 Bxg3 25. fxg3 Qxg3 26. Qg2 Qxg2+ 27. Kxg2 Rcc6 28. Kf2 Rcg6 29.
Rh1 Rxh1 30. Rxh1 h6 31. Rg1 Rxg1 32. Kxg1 Bc6 33. Ba3 f6 34. Bxc5 a6 35. a3 Kf7 36.
Kf2 Ke6 37. Kg3 g5 38. Kg4 Be8 39. Kg3 h5 40. b4 h4+ 41. Kg4 Kd5 42. Be7 Bd7+ 43. Kh5 Kxc4 44. Bxf6 h3 45. Be5 g4 46. Kh4 Kd3 47. Bf4 Kc3 48. Kg3 Kb3 49. Bd6 Kb2 50. Bc5 Bb5 51. Bd6 Kxa3 52. Bc5 Kb3 53. Bd6 Bd7 54.
Kh2 Kc2 55. Kg3 Kd2 56. Bc5 Ke2 57. Kh2 Kf2 58. Bd6 Kxe3 59. Kg3 Kd2 0-1

[Event "Late-Titled-Tuesday-Blitz-June-18-2024"]
[Site "Chess.com"]
[Date "2024.06.18"]
[Round "5"]
[White "DanylaBagrov"]
[Black "schondeln"]
[Result "1-0"]
[WhiteElo "2511"]
[BlackElo "2350"]
[TimeControl "180+1"]
[EndTime "14:58:42 PDT"]
[Termination "DanylaBagrov won on time"]

1. e4 d5 2. exd5 Qxd5 3. Nc3 Qa5 4. d4 Nf6 5. Nf3 Bf5 6. Ne5 c6 7. Bc4 e6 8. g4 Bg6 9. h4 Nbd7 10. Nxd7 Nxd7 11.
h5 Be4 12. O-O Bd5 13. Nxd5 cxd5 14. Bd3 Bd6 15. Bd2 Qb6 16. c3 O-O-O 17. Qf3 Rhf8 18. a4 Bc7 19. a5 Qd6 20. Qg2 g6 21. h6 e5 22. a6 e4 23. axb7+ Kb8 24. Bb5 f5 25. g5 f4 26. f3 e3 27. Be1 Nb6 28. Bh4 Nc4 29. Bxc4 dxc4 30. Qe2 Qc6 31. Ra3 Rf5 32.
Rfa1 Bb6 33. Ra4 Kxb7 34. Rxc4 Qd5 35. Rb4 Rxg5+ 36. Bxg5 Qxg5+ 37. Kf1 Qxh6 38. Qg2 Qh5 39. Ke2 Qf5 40. Rc1 h5 41. b3 g5 42. Ra4 Kc7 43.
Ra2 g4 44. Rd1 g3 45. c4 Rxd4 46. Rxd4 Bxd4 47. Qh1 Bc3 48. c5 Bd4 49. Qd1 Bxc5 50. Qc1 Kb6 51. b4 Qd5 52. bxc5+ Qxc5 53. Rb2+ Kc6 54. Rc2 1-0

[Event "Late-Titled-Tuesday-Blitz-June-18-2024"]
[Site "Chess.com"]
[Date "2024.06.18"]
[Round "5"]
[White "SchmakAttack"]
[Black "Maus7"]
[Result "1-0"]
[WhiteElo "2828"]
[BlackElo "2611"]
[TimeControl "180+1"]
[EndTime "14:58:48 PDT"]
[Termination "SchmakAttack won on time"]

1. Nf3 Nf6 2. c4 e6 3. Nc3 b6 4. e4 Bb7 5. e5 Ne4 6. Bd3 Ng5 7. Qe2 Nxf3+ 8. gxf3 Nc6 9. Be4 Nd4 10. Qd3 Bxe4 11. Qxe4 c5 12. Ne2 Nxe2 13. Kxe2 d5 14. exd6 Bxd6 15.
Rg1 O-O 16. d4 g6 17. dxc5 Bxc5 18. Rd1 Qf6 19. Rb1 Rad8 20. Be3 Rxd1 21. Kxd1 Rd8+ 22.
Kc2 Bxe3 23. fxe3 Qg5 24. a3 b5 25. f4 Qh5 26. Kb3 bxc4+ 27. Qxc4 Qxh2 28. Qc7 Qd2 29. Ka2 Qd7 30. Qc3 h5 31. Rg1 Qd5+ 32. Ka1 Qd3 33. Qf6 Rc8 34. Qe5 Qf5 35. Qd4 Qd5 36. Qxa7 h4 37.
Qe7 h3 38. Qh4 Qd2 39. Qxh3 Rc1+ 40. Rxc1 Qxc1+ 41. Ka2 Qc4+ 42. Kb1 Qd3+ 43. Kc1 Qc4+ 44. Kd2 Qd5+ 45. Ke1 Qa2 46. Qf3 Qxb2 47. Qa8+ Kg7 48. a4 Qc1+ 49. Ke2 Qc2+ 50. Kf3 Qd1+ 51. Kg3 Qe1+ 52.
Kg2 Qxe3 53. a5 Qe2+ 54. Kg1 Qe1+ 55. Kg2 Qe2+ 56. Kg3 1-0